 Dungeon Crawl Stone Soup version 0.25-a0-424-g80bd347ae0 (webtiles) character file.

Game seed: 13605329488168813473, levelgen mode: deterministic

188 zorance the Ogre Mage (level 5, 0/45 HPs)
             Began as an Ogre Wizard on Jan 20, 2020.
             Killed by divine providence
             ... invoked by an orc priest
              (9 damage)
             ... on level 3 of the Dungeon.
             The game lasted 00:05:03 (5285 turns).

zorance the Ogre Mage (Ogre Wizard)                 Turns: 5285, Time: 00:05:03

Health: 0/45       AC:  3    Str: 11    XL:     5   Next: 67%
Magic:  4/11       EV: 10    Int: 20    God:
Gold:   118        SH:  0    Dex:  7    Spells: 3/13 levels left

rFire    . . .     SeeInvis .   q - +0 short sword
rCold    . . .     Gourm    .   (no shield)
rNeg     . . .     Faith    .   a - +0 robe
rPois    .         Spirit   .   b - +0 hat
rElec    .         Reflect  .   (no cloak)
rCorr    .         Harm     .   (gloves unavailable)
MR       .....                  (boots unavailable)
Stlth    +.........             (no amulet)
HPRegen  0.15/turn              (no ring)
MPRegen  0.12/turn              (no ring)

@: no status effects
A: large, unfitting armour, tough skin 1
a: no special abilities


You were on level 3 of the Dungeon.
You were not hungry.

You visited 1 branch of the dungeon, and saw 3 of its levels.

You collected 118 gold pieces.

Inventory:

Hand Weapons
 q - a +0 short sword (weapon)
Armour
 a - a +0 robe (worn)
 b - a +0 hat (worn)
 l - +0 ice dragon scales
Scrolls
 c - 3 scrolls of fear {unknown}
 e - a scroll of enchant armour {unknown}
 f - a scroll of fog {unknown}
 g - 3 scrolls of identify {unknown}
 j - 4 scrolls of teleportation {unknown}
 n - a scroll of magic mapping {unknown}
 o - a scroll of enchant weapon {unknown}
 p - 2 scrolls of remove curse {unknown}
 s - a scroll of random uselessness {unknown}
Potions
 h - a potion of resistance {unknown}
 i - a potion of ambrosia {unknown}
 k - 4 potions of curing {unknown}
 m - 3 potions of heal wounds {unknown}
Comestibles
 d - 3 rations
 r - 4 chunks of flesh


   Skills:
 - Level 1.7 Dodging
 - Level 1.4 Stealth
 + Level 4.5 Spellcasting
 * Level 3.4 Conjurations
 - Level 0.8 Summonings
 - Level 0.8 Translocations
 + Level 1.5 Air Magic
 + Level 1.3 Poison Magic


You had 3 spell levels left.
You knew the following spells:

 Your Spells              Type           Power        Failure   Level  Hunger
a - Magic Dart            Conj           ###.         3%          1    None
b - Call Imp              Summ           #.......     13%         2    #......
c - Mephitic Cloud        Conj/Pois/Air  ##......     16%         3    ##.....
d - Slow                  Hex            #.......     19%         2    #......
e - Blink                 Tloc           N/A          13%         2    #......

Your spell library contained the following spells:

 Spells                   Type           Power        Failure   Level  Hunger
 Conjure Flame            Conj/Fire      ##......     19%         3    ##.....


Dungeon Overview and Level Annotations

Branches:
Dungeon (3/15)

Altars:


Innate Abilities, Weirdness & Mutations

You are too large for most types of armour.
You have tough skin. (AC +1)


Message History

The orc hits you but does no damage.
You hit the orc.
The orc is almost dead.
You barely miss the orc.
The orc is severely wounded.
The orc hits you with a cursed -1 club.
You hit the orc.
You kill the orc!
The orc priest calls down the wrath of Beogh upon you.
Beogh smites you!
Things that are here:
a cursed -1 club; a +0 leather armour The orc priest invokes the aid of Beogh against you.
Beogh smites you!
* * * LOW HITPOINT WARNING * * *
The orc priest looks encouraged for a moment.
You see here an adder skeleton.
The orc priest calls down the wrath of Beogh upon you.
Beogh smites you!
You die...

#..o.......#
#.# ###
#.######.#.#
#.# ##.. #.#
#o#.# #.# ....
#.# #.#.### #.#
##.) #.#
#.....# #)# #)
#o# #.###.##
#.# #.####.#
#.# #..# #.#
#.o.)..#
#.###..# #.#
########
#.@..>.######.#
##########
###.##........#
.........#
#.......#####
########.#
####.##.# #
###.#
#########.##.#
# #...#
#..........#.#
#.###
#.#######.##.#
#.# #.# #.##.#
#.# #.# ##.##.#


You could see an orc priest.

Vanquished Creatures
  An orc priest (D:3)
  An orc wizard (D:2)
  4 adders
  A worm (D:2)
  5 dart slugs
  3 leopard geckos
  9 orcs
  9 bats
  4 giant cockroaches
  5 goblins
  6 hobgoblins
  8 kobolds
  3 quokkas
  7 frilled lizards
  4 rats
70 creatures vanquished.

Notes
Turn   | Place    | Note
-------+----------+-------------------------------------------
     0 | D:1      | zorance the Ogre Wizard began the quest for the Orb.
     0 | D:1      | Reached XP level 1. HP: 16/16 MP: 5/5
    44 | D:1      | Reached skill level 1 in Conjurations
   374 | D:1      | Reached XP level 2. HP: 24/24 MP: 0/6
   405 | D:1      | Learned a level 2 spell: Call Imp
  1148 | D:1      | Reached skill level 4 in Spellcasting
  1373 | D:1      | Reached XP level 3. HP: 31/31 MP: 1/8
  1378 | D:1      | Learned a level 3 spell: Mephitic Cloud
  1381 | D:1      | Learned a level 2 spell: Slow
  1384 | D:1      | Learned a level 2 spell: Blink
  2979 | D:2      | Reached XP level 4. HP: 39/39 MP: 6/10
  3417 | D:3      | Reached skill level 1 in Air Magic
  3417 | D:3      | Reached skill level 1 in Poison Magic
  3983 | D:3      | Reached XP level 5. HP: 28/45 MP: 0/11
  5285 | D:3      | Killed from afar by an orc priest

Levels and vault maps discovered:
D:1:      psy_arrival_fountain, layout_loops_ring
D:2:      layout_loops_ring
D:3:      layout_loops_ring, uniq_crazy_yiuf_cottage

Skill      XL: |  1  2  3  4 |
---------------+-------------+-----
Conjurations   | 1 2 3 |  3.4
Spellcasting   | 4 |  4.5
Air Magic      | 1 |  1.5
Poison Magic   | 1 |  1.3
Dodging        | |  1.7
Stealth        | |  1.4
Summonings     | |  0.8
Translocations | |  0.8

Action                   |  1- 3 |  4- 6 || total
-------------------------+-------+-------++-------
Melee: Unarmed           |    18 |       ||    18
       Club              |     7 |       ||     7
       Short sword       |       |    36 ||    36
 Cast: Magic Dart        |    92 |    87 ||   179
       Mephitic Cloud    |       |     3 ||     3
 Stab: Confused          |       |     1 ||     1
  Eat: Chunk             |     6 |     4 ||    10
       Ration            |       |     1 ||     1
Armor: Robe              |    17 |     6 ||    23
Dodge: Dodged            |    25 |    25 ||    50

Table legend:
 A = Non-vault XP
 B = Vault XP
 C = Vault XP percentage of total XP
 D = Non-vault monster count
 E = Vault monster count
 F = Vault count percentage of total count
                 A         B        C        D         E       F
            +---------+---------+-------+---------+---------+-------
      Total |     269 |       0 |   0.0 |      70 |       0 |   0.0
            +---------+---------+-------+---------+---------+-------
        D:1 |      34 |       0 |   0.0 |      19 |       0 |   0.0
        D:2 |     111 |       0 |   0.0 |      24 |       0 |   0.0
        D:3 |     124 |       0 |   0.0 |      27 |       0 |   0.0
            +---------+---------+-------+---------+---------+-------
